AoeStats
← catchchez

Glade

503688763Analyzed
1v1 RM · 1mo ago on Sep 1, 2026· 25m 12s· 2 players
Game mode
Random Map
Map size
Tiny (2 player)
Population
200
Speed
Normal
Resources
Standard
Victory
Conquest
Starting age
Dark Age
Ending age
Imperial Age
RankedLock teamsTeams togetherTeam positionsShared explorationLock speedFull tech treeHidden civsTurbo modeCheats
Victory
Defeat
🇦🇹 Japanese · Austria
805
+16
🇮🇳 Aztecs · India
800
-16
catchchez
1:49 Loom
11:16 Feudal Age
12:24 Double-Bit Axe
14:33 Fletching
22:35 Castle Age
22:41 Crossbowman
22:42 Elite Skirmisher
Kalk Marx
9:58 Feudal Age
10:28 Horse Collar
18:48 Castle Age
17:39 Double-Bit Axe
21:20 Bloodlines
22:00 Husbandry
24:09 Fletching
23:58 Elite Skirmisher
25:47 Padded Archer Armor
Connection lost

Rejoining the realm…

Still unreachable

The connection could not be restored.

Session expired

The server has moved on; the page needs a fresh start.